 Dungeon Crawl Stone Soup version 0.26-a0-660-gc07710193c (console) character file.

Game seed: 16736619774991513744

704 om the Chopper (level 7, 0/61 HPs)
             Began as a Minotaur Fighter on Oct 7, 2020.
             Slain by a gnoll
             ... wielding a +0 spear
              (5 damage)
             ... on level 5 of the Dungeon.
             The game lasted 00:07:17 (4554 turns).

om the Chopper (Minotaur Fighter)                   Turns: 4554, Time: 00:07:17

Health: 0/61       AC:  8    Str: 22    XL:     7   Next: 39%
Magic:  6/6        EV: 10    Int:  5    God:
Gold:   38         SH:  9    Dex: 10    Spells: 6/6 levels left

rFire    . . .     SeeInvis .   a - +0 war axe
rCold    . . .     Faith    .   c - +0 kite shield
rNeg     + . .     Spirit   .   u - +0 scale mail
rPois    +         Reflect  .   (helmet restricted)
rElec    .         Harm     .   p - +0 cloak
rCorr    .         Rampage  .   (no gloves)
MR       .....                  (no boots)
Stlth    ..........             s - amulet of inaccuracy
HPRegen  0.20/turn              r - ring of positive energy
MPRegen  0.10/turn              q - ring of poison resistance

@: no status effects
A: retaliatory headbutt, horns 2
a: no special abilities


You were on level 5 of the Dungeon.
You visited 1 branch of the dungeon, and saw 5 of its levels.

You collected 170 gold pieces.
You spent 132 gold pieces at shops.

Inventory:

Hand Weapons
 a - a +0 war axe (weapon)
 b - the +1 hunting sling of Xeisoy {freeze, Int+6}
   (You found it on level 4 of the Dungeon)

   It causes projectiles fired from it to freeze those they strike, causing
   extra injury to most foes and up to half again as much damage against
   particularly susceptible opponents.
   They can also slow down cold-blooded creatures.
   It affects your intelligence (+6).
Armour
 c - a +0 kite shield (worn)
 p - a +0 cloak (worn)
 u - a +0 scale mail (worn)
Jewellery
 g - an uncursed ring of ice
 m - an uncursed ring of stealth
 q - a ring of poison resistance (right hand)
 r - a ring of positive energy (left hand)
 s - an amulet of inaccuracy (around neck)
Wands
 v - a wand of disintegration (8)
Scrolls
 h - a scroll of teleportation
 k - 3 scrolls of amnesia
 n - 2 scrolls of immolation
 o - a scroll of magic mapping
Potions
 d - a potion of stabbing
 e - a potion of berserk rage {unknown}
 f - a potion of flight {unknown}
 i - 3 potions of curing
 j - 2 potions of heal wounds
 l - a potion of degeneration {unknown}
 t - a potion of haste {unknown}


   Skills:
 - Level 5.0 Fighting
 - Level 6.0 Axes
 + Level 5.6 Armour
 - Level 5.0 Dodging
 - Level 4.0 Shields


You had 6 spell levels left.
You didn't know any spells.
Your spell library contained the following spells:

 Spells                   Type           Power        Failure   Level
 Animate Skeleton         Necr           #.....       99%         1
 Pain                     Necr           #...         99%         1
 Vampiric Draining        Necr           #.........   100%        3
 Animate Dead             Necr           #.........   100%        4
 Agony                    Necr           #.......     100%        5


Dungeon Overview and Level Annotations

Branches:
Dungeon (5/15)
 Temple: D:4-7

Altars:

Shops:
D:5 *

Annotations:
D:5 2 transporters, TigOlBitties's ghost, amateur SpEn


Innate Abilities, Weirdness & Mutations

You reflexively headbutt those who attack you in melee.
You have a pair of horns on your head.


Message History

The gnoll hits you but does no damage. You block the gnoll's attack. x2
You barely miss the gnoll. Your headbutt misses the gnoll.
You block the gnoll's attack.
The gnoll hits you from afar with a +0 spear.
The gnoll hits you but does no damage. The gnoll misses you.
You block the gnoll's attack.
You slash the gnoll!
The gnoll is severely wounded.
The gnoll hits you but does no damage. You block the gnoll's attack.
The gnoll closely misses you. The gnoll barely misses you.
Your shield and scale mail prevent you from hitting the gnoll.
The gnoll is severely wounded.
You block the gnoll's attack. The gnoll completely misses you.
The gnoll hits you from afar with a +0 spear!
* * * LOW HITPOINT WARNING * * *
The gnoll hits you but does no damage.
You hit the gnoll.
The gnoll is almost dead.
The gnoll hits you but does no damage. The gnoll hits you with a +0 flail!
* * * LOW HITPOINT WARNING * * *
The gnoll hits you from afar with a +0 spear.
You die...

##......#.###
###.......
##.........#.
[......
#...........
...####
#........#.......
.
##......##......
..
####...##......
##.....###......
##......#......
#..#....#Z...
#..#....#gg##
##.....@#)..#
#....#.gg#..#
#....#..g...#
##...##.....#
##.###...#.# ###
#....## #..###
##.. #.#


You could see 3 gnolls.

Vanquished Creatures
  2 ogres
  A bullfrog (D:5)
  2 scorpions
  2 orc wizards
  A gnoll shaman (D:5)
  3 worker ants
  A hound skeleton (D:4)
  6 adders
  2 gnolls (D:5)
  An adder skeleton (D:4)
  2 worms (D:4)
  5 dart slugs
  4 leopard geckos
  10 orcs
  12 bats
  8 giant cockroaches
  5 hobgoblins
  13 jackals
  A quokka (D:2)
  3 ball pythons
  6 frilled lizards
  5 goblins
  8 kobolds
  8 rats
111 creatures vanquished.

Notes
Turn   | Place    | Note
-------+----------+-------------------------------------------
     0 | D:1      | om the Minotaur Fighter began the quest for the Orb.
     0 | D:1      | Reached XP level 1. HP: 19/19 MP: 0/0
    72 | D:1      | Reached XP level 2. HP: 21/27 MP: 1/1
   171 | D:1      | Reached skill level 3 in Axes
   363 | D:1      | Reached XP level 3. HP: 33/33 MP: 2/2
   934 | D:2      | Reached skill level 4 in Axes
  1441 | D:2      | Reached XP level 4. HP: 37/40 MP: 3/3
  2185 | D:3      | Reached skill level 5 in Axes
  2778 | D:3      | Reached XP level 5. HP: 22/46 MP: 4/4
  2781 | D:3      | Reached skill level 6 in Axes
  3049 | D:4      | Reached skill level 5 in Fighting
  3049 | D:4      | Reached skill level 1 in Dodging
  3050 | D:4      | Reached XP level 6. HP: 53/56 MP: 5/5
  3724 | D:4      | Got a shimmering hunting sling
  3726 | D:4      | Identified the cursed +1 hunting sling of Xeisoy {freeze,
                  | Int+6} (You found it on level 4 of the Dungeon)
  4060 | D:5      | Entered Level 5 of the Dungeon
  4091 | D:5      | Reached skill level 5 in Dodging
  4091 | D:5      | Reached XP level 7. HP: 28/61 MP: 6/6
  4360 | D:5      | Found Kynily's Assorted Antiques.
  4386 | D:5      | Bought 2 scrolls of identify for 132 gold pieces
  4474 | D:5      | Found a transporter.
  4479 | D:5      | Found a transporter.
  4480 | D:5      | Noticed TigOlBitties's ghost (amateur SpEn)
  4530 | D:5      | Reached skill level 5 in Armour
  4554 | D:5      | Slain by a gnoll

Illustrated notes

Levels and vault maps discovered:
D:1:      lemuel_arrival_muddy, layout_basic, kennysheep_pointless_box
D:2:      layout_loops_corners
D:3:      layout_basic, wad_rectangle_vault
D:4:      layout_cave_pods, hangedman_minor_gate_pass
D:5:      layout_cave_pools, serial_shops, nicolae_shop_trees,
          gammafunk_ghost_smash, minmay_manual_monstrance

Skill      XL: |  1  2  3  4  5  6  7 |
---------------+----------------------+-----
Axes           | 3 4 5 6 |  6.0
Shields        | 4 |  4.0
Fighting       | 4 5 |  5.0
Armour         | 4 5 |  5.6
Dodging        | 1 5 |  5.0

Action                   |  1- 3 |  4- 6 |  7- 9 || total
-------------------------+-------+-------+-------++-------
Melee: War axe           |   103 |   151 |    60 ||   314
       Headbutt          |    12 |    21 |     4 ||    37
  Use: Scroll            |       |     7 |     2 ||     9
       Potion            |       |     1 |     2 ||     3
Armor: Scale mail        |    57 |    71 |    39 ||   167
Dodge: Dodged            |    38 |    64 |    45 ||   147
Block: Kite shield       |    64 |    86 |    50 ||   200

Table legend: (Time is in decaauts)
 A = Elapsed time spent in this place.
 B = Non-inter-level travel time spent in this place.
 C = Inter-level travel time spent in this place.
 D = Time resting spent in this place.
 E = Time spent auto-exploring this place.
 F = Levels seen in this place.
 G = Mean time per level.
                   A        B        C        D        E       F      G
               +--------+--------+--------+--------+--------+-----+--------+
         Total |   4667 |   4505 |    162 |    586 |   3065 |   5 |  933.4 |
       Dungeon |   4667 |   4505 |    162 |    586 |   3065 |   5 |  933.4 |
               +--------+--------+--------+--------+--------+-----+--------+

Top non-repeatable levels by time:
     D:3: 1200 daAuts
     D:4: 1097 daAuts
     D:2: 945 daAuts
     D:1: 910 daAuts
     D:5: 513 daAuts
